 Dungeon Crawl Stone Soup version 0.29-a0-653-gd47aff6735 (webtiles) character file.

Game seed: 6858010820556508069

70 ytrimaz the Covered (level 4, 0/40 HPs)
             Began as a Meteoran Fighter on June 21, 2022.
             Was a Follower of Okawaru.
             Succumbed to Sigmund's poison
             ... on level 2 of the Dungeon.
             The game lasted 00:02:01 (550 turns).

ytrimaz the Covered (Meteoran Fighter)               Turns: 550, Time: 00:02:02

Health: 0/40       AC: 10    Str: 19    XL:     4   Next: 72%
Magic:  4/5        EV:  9    Int: 10    God:    Okawaru [*.....]
Gold:   102        SH:  5    Dex: 13    Spells: 3/3 levels left

rFire   . . .      SeeInvis .   a - +0 war axe
rCold   . . .      Faith    .   c - +0 buckler
rNeg    . . .      Spirit   .   b - +0 scale mail
rPois   .          Reflect  .   (no helmet)
rElec   .          Harm     .   (no cloak)
rCorr   .          Rampage  .   l - +2 pair of gloves
Will    .....                   (no boots)
Stlth   ..........              (no amulet)
HPRegen 0.13/turn               (no ring)
MPRegen 0.09/turn               (no ring)

@: mighty, brilliant, lethally poisoned (0 -> -13), glowing
A: sense surroundings 1, otherworldly, glowing, explore regen
a: Renounce Religion, Heroism


You were on level 2 of the Dungeon.
You worshipped Okawaru.
Okawaru was aware of your devotion.
You visited 1 branch of the dungeon, and saw 3 of its levels.

You collected 102 gold pieces.

Inventory:

Hand Weapons
 a - a +0 war axe (weapon)
Armour
 b - a +0 scale mail (worn)
 c - a +0 buckler (worn)
 l - a +2 pair of gloves (worn)
Scrolls
 e - 2 scrolls of noise {unknown}
 f - a scroll of acquirement {unknown}
 g - a scroll of teleportation {unknown}
 i - 3 scrolls of immolation {unknown}
 j - a scroll of enchant armour {unknown}


   Skills:
 + Level 4.0 Fighting
 + Level 3.3 Axes
 + Level 4.4 Armour
 - Level 4.0 Shields
 * Level 1.0 Invocations


You had 3 spell levels left.
You didn't know any spells.
Your spell library was empty.

Dungeon Overview and Level Annotations

Branches:
Dungeon (3/15) Zot: 1219

Altars:
Okawaru

Annotations:
D:2 Sigmund


Innate Abilities, Weirdness & Mutations

You passively map a small area around you.
You are easily found by Zot.
You glow in the dark.
You regain HP and MP as you explore.


Message History

You closely miss something. Something hits you.
You miss something. Something hits you but does no damage.
You are poisoned.
You closely miss something.
You feel very sick.
You miss something.
You feel sick. Something hits you but does no damage.
You miss something.
You feel sick. You block something's attack.
Unknown command.
You feel very mighty all of a sudden.
You feel sick.
Unknown command.
You miss something.
You feel sick. Something hits you but does no damage.
You are lethally poisoned!
You miss something.
* * * LOW HITPOINT WARNING * * *
You feel very sick. You block something's attack.
You miss something.
You feel like a meek peon again.
* * * LOW HITPOINT WARNING * * *
You feel very sick. You block something's attack.
Unknown command.
It was a potion of brilliance.
You feel clever all of a sudden.
* * * LOW HITPOINT WARNING * * *
You feel sick.
You feel more clever all of a sudden.
* * * LOW HITPOINT WARNING * * *
You feel sick.
You hear some strange, mumbled words.
A magic dart appears from out of thin air!
The magic dart hits you.
* * * LOW HITPOINT WARNING * * *
It was a potion of curing.
You feel better. Something hits you!
* * * LOW HITPOINT WARNING * * *
You are lethally poisoned!
Unknown command.
You closely miss something.
You die...

###.......# *
#.........#
#.........#
#.........# ,
#.........# * *
#.........# *
#####'#####
####### #{#
......# #@#
......# #># , ,
......# ########.#
,
......###........#
......##......####
* ......##......#
* .†....##......#
* ......##......#
########......#


There were no monsters in sight!

Vanquished Creatures
  Natasha (twice) (D:2)
  A bat (D:1)
  3 endoplasms
  A giant cockroach (D:1)
  A goblin (D:1)
  2 hobgoblins (D:1)
  2 jackals (D:1)
  4 kobolds
  2 ball pythons (D:1)
  2 rats
20 creatures vanquished.

Vanquished Creatures (others)
  4 toadstools (D:1)
4 creatures vanquished.

Grand Total: 24 creatures vanquished

Notes
Turn   | Place    | Note
-------+----------+-------------------------------------------
     0 | D:1      | ytrimaz the Meteoran Fighter began the quest for the Orb.
     0 | D:1      | Reached XP level 1. HP: 19/19 MP: 2/2
    65 | D:1      | Reached XP level 2. HP: 26/26 MP: 3/3
   239 | D:1      | Found a faded altar of an unknown god.
   248 | D:1      | Prayed at the altar of an unknown god.
   248 | D:1      | Became a worshipper of Warmaster Okawaru
   248 | D:1      | Reached * piety under Okawaru
   357 | D:1      | You fall into a shaft and drop 1 floor!
   386 | D:2      | Noticed Natasha
   391 | D:2      | Killed Natasha
   392 | D:2      | Reached XP level 3. HP: 24/33 MP: 4/4
   415 | D:2      | Reached XP level 4. HP: 38/40 MP: 5/5
   476 | D:2      | Noticed Natasha
   497 | D:2      | Killed Natasha
   500 | D:2      | Noticed Sigmund
   515 | D:3      | Reached skill level 1 in Invocations
   550 | D:2      | Succumbed to Sigmund's poison

Illustrated notes

Levels and vault maps discovered:
D:1:      ldierk_walled_garden_2, layout_basic,
          shapermc_ecumenical_altar_acropolis
D:2:      layout_basic, uniq_sigmund, uniq_natasha
D:3:      layout_loops_cross

Skill      XL: |  1  2  3  4 |
---------------+-------------+-----
Axes           | 3 |  3.3
Armour         | 4 |  4.4
Shields        | 4 |  4.0
Fighting       | 4 |  4.0
Invocations    | 1 |  1.0

Action                   |  1- 3 |  4- 6 || total
-------------------------+-------+-------++-------
Melee: War axe           |    36 |    18 ||    54
       Unarmed           |       |    12 ||    12
Invok: Heroism           |       |     2 ||     2
  Use: Potion            |       |     4 ||     4
Armor: Scale mail        |    14 |     8 ||    22
       Skin              |       |     2 ||     2
Dodge: Dodged            |    14 |    12 ||    26
Block: Buckler           |    16 |     5 ||    21

Table legend: (Time is in decaauts)
 A = Elapsed time spent in this place.
 B = Non-inter-level travel time spent in this place.
 C = Inter-level travel time spent in this place.
 D = Time resting spent in this place.
 E = Time spent auto-exploring this place.
 F = Levels seen in this place.
 G = Mean time per level.
                   A        B        C        D        E       F      G
               +--------+--------+--------+--------+--------+-----+--------+
         Total |    580 |    580 |      0 |      0 |    321 |   3 |  193.3 |
       Dungeon |    580 |    580 |      0 |      0 |    321 |   3 |  193.3 |
               +--------+--------+--------+--------+--------+-----+--------+

Top non-repeatable levels by time:
     D:1: 371 daAuts
     D:2: 184 daAuts
     D:3: 25 daAuts
